[Event "*** Titled Tuesday Blitz"]
[Site "Chess.com"]
[Date "2021.02.09"]
[Round "10"]
[White "Reader777"]
[Black "kuban1991"]
[Result "1/2-1/2"]
[WhiteElo "2834"]
[BlackElo "2903"]
[TimeControl "180+1"]
[EndTime "11:55:54 PST"]
[Termination "Game drawn by repetition"]

1. d4 g6 2. c4 Bg7 3. Nc3 c5 4. d5 Bxc3+ 5. bxc3 f5 6. h3 Qa5 7. Qc2 Nf6 8. Nf3 d6 9. e3 Nbd7 10. Bd3 Nb6 11. Nd2 Qa4 12. Qb3 e5 13. Bc2 Bd7 14.
Rb1 Qa6 15. Bd3 Nfxd5 16. cxd5 Qxd3 17. c4 Qxb3 18. axb3 Kd8 19. Bb2 Re8 20. h4 Kc7 21. h5 g5 22. h6 Rg8 23. Bc3 f4 24. Ba5 Bf5 25. e4 Bg6 26. b4 cxb4 27. Rxb4 Kd7 28. Ke2 g4 29. Rhb1 Rgc8 30. Bxb6 axb6 31. Rxb6 Rc7 32. Rxb7 Ra2 33. Ke1 f3 34. gxf3 gxf3 35.
Rb8 Bxe4 36. Nxe4 Re2+ 37. Kf1 Rxe4 38. Rh8 Rexc4 39. Rxh7+ Kc8 40. Rh8+ Kd7 41. Rh7+ Kc8 42. Rh8+ Kd7 43. Kg1 Rh4 44. Rh7+ Kc8 45. Rh8+ Kd7 46. Rh7+ Kc8 47. Rh8+ Kd7 1/2-1/2

[Event "*** Titled Tuesday Blitz"]
[Site "Chess.com"]
[Date "2021.02.09"]
[Round "10"]
[White "Adham_Fawzy"]
[Black "GigaQuparadze"]
[Result "0-1"]
[WhiteElo "2781"]
[BlackElo "2916"]
[TimeControl "180+1"]
[EndTime "11:55:54 PST"]
[Termination "GigaQuparadze won on time"]

1. e4 c5 2. Nf3 e6 3. c4 Nc6 4. d4 cxd4 5. Nxd4 Nf6 6. Nc3 Bb4 7. Qd3 O-O 8. Nxc6 dxc6 9. Bg5 h6 10. Bh4 e5 11.
O-O-O Qe7 12. f3 Be6 13. Bf2 Rfd8 14. Qc2 Bc5 15. Bg3 Nh5 16. Be1 Rxd1+ 17. Nxd1 Rd8 18. Bd2 Nf4 19. g3 Nh3 20. Be2 b5 21. Ne3 b4 22.
Nf5 Qf6 23. Kb1 Nf2 24. Rf1 Bxf5 25. exf5 e4 26. fxe4 Nxe4 27. Bc1 Nf2 28. g4 Qe5 29. Bf3 Qxh2 30. f6 g6 31. Bxc6 Nxg4 32. Qe4 Nf2 33. Qc2 Qh3 34. Bd5 Rxd5 35. Rxf2 Rf5 36. Rxf5 Qxf5 37.
Qxf5 gxf5 38. Bxh6 Kh7 39. Bf4 Kg6 40. Be5 Kg5 41. Kc2 f4 42. Kd3 f3 43. a3 b3 44.
Bc3 Kg4 0-1

[Event "*** Titled Tuesday Blitz"]
[Site "Chess.com"]
[Date "2021.02.09"]
[Round "10"]
[White "michaelshahade"]
[Black "Trickster_Pony"]
[Result "0-1"]
[WhiteElo "1925"]
[BlackElo "1504"]
[TimeControl "180+1"]
[EndTime "11:55:54 PST"]
[Termination "Trickster_Pony won on time"]

1. c4 c5 2. Nc3 g6 3. Nf3 Bg7 4. g3 Nc6 5. Bg2 e5 6. d3 Nge7 7. a3 d6 8. Bg5 O-O 9. O-O f6 10. Be3 f5 11. Bg5 h6 12. Bxe7 Qxe7 13. Nd5 Qe8 14.
Rb1 Qd8 15. b4 cxb4 16. axb4 e4 17. dxe4 fxe4 18. Nd2 e3 19. Nxe3 Be6 20. Ne4 Nd4 21.
Nc2 Nxc2 22. Qxc2 Rc8 23. Nd2 d5 24. c5 a5 25. b5 Qe7 26. Nb3 Bf5 27. Bxd5+ Kh8 28.
e4 Bh3 29. Rfc1 Qf6 30. Nxa5 Qf3 31. e5 Qxd5 32. f4 Qf3 33. Rb3 Qd5 34. Rd3 Qe6 35.
Rd6 Qf5 36. Qxf5 Bxf5 37. Nxb7 Rf7 38. Na5 Rfc7 39. Nc6 Bf8 40. Nd4 Bxd6 41. exd6 Rxc5 42. Rxc5 Rxc5 43. Nxf5 gxf5 44. b6 Rb5 45. d7 Rb1+ 46. Kf2 Rb2+ 47. Kf3 Rb3+ 0-1

[Event "*** Titled Tuesday Blitz"]
[Site "Chess.com"]
[Date "2021.02.09"]
[Round "10"]
[White "Fortitudine"]
[Black "noblerone"]
[Result "0-1"]
[WhiteElo "2324"]
[BlackElo "2405"]
[TimeControl "180+1"]
[EndTime "11:55:55 PST"]
[Termination "noblerone won by resignation"]

1. c4 c6 2. Nf3 d5 3. g3 Nf6 4. Bg2 a6 5. b3 Bg4 6. Bb2 e6 7.
O-O Nbd7 8. d3 Be7 9. Nc3 O-O 10. Rc1 Rc8 11. Rc2 b5 12. cxd5 cxd5 13. h3 Bh5 14.
Qb1 Qb6 15. Rfc1 Qb7 16. Nd1 Bd6 17. Ne3 Bg6 18. Nh4 Bh5 19. g4 Bg6 20. Nxg6 hxg6 21.
Rxc8 Rxc8 22. Rxc8+ Qxc8 23. Qc2 Qb7 24. Kf1 Be5 25.
Bxe5 Nxe5 26. Qc3 Ned7 27. Nc2 Qb6 28. e3 g5 29. Ke2 g6 30. b4 Qd6 31. Nd4 Kh7 32.
Nf3 Kh6 33. a3 e5 34. h4 Nh7 35. hxg5+ Nxg5 36. Nxg5 Kxg5 37. Qc8 Kf6 38. Qd8+ Kg7 39.
g5 Qc6 40. Kf3 Nf8 41. Kg3 Ne6 42. Qf6+ Kg8 43. Qxe5 Qc2 44. Qb8+ Kg7 45. Qe5+ Kg8 46. Bxd5 Ng7 47. Qf6 Nh5+ 48. Kf3 Nxf6 49. gxf6 Kf8 50. d4 Qc3 51. Be4 Qxa3 52. d5 Qxb4 53. d6 Qxd6 54. Ke2 Qxf6 55. Bd3 Qb6 0-1

[Event "*** Titled Tuesday Blitz"]
[Site "Chess.com"]
[Date "2021.02.09"]
[Round "10"]
[White "NikolaMa2000"]
[Black "publicaccountcze"]
[Result "1-0"]
[WhiteElo "1900"]
[BlackElo "2242"]
[TimeControl "180+1"]
[EndTime "11:55:55 PST"]
[Termination "NikolaMa2000 won on time"]

1. d4 d5 2. c4 e6 3. Nc3 c5 4. cxd5 exd5 5. Nf3 Nc6 6. g3 Nf6 7. Bg2 Be7 8. dxc5 Bxc5 9. Bg5 Be6 10. O-O d4 11. Bxf6 Qxf6 12. Ne4 Qe7 13. Nxc5 Qxc5 14. Rc1 Qb4 15. a3 Qxb2 16. Rb1 Qxa3 17. Rxb7 O-O 18.
Nxd4 Nxd4 19. Qxd4 a5 20. Ra1 Rad8 21. Rxa3 Rxd4 22.
Bf3 Bh3 23. e3 Rb4 24. Rxa5 Rc8 25. Ra1 Rxb7 26. Bxb7 Rb8 27. Bg2 Bxg2 28. Kxg2 g6 29. Ra2 h5 30. f4 Kg7 31. e4 Kf6 32. e5+ Ke6 33. Ra6+ Ke7 34. Kh3 Rb2 35. Ra7+ Ke6 36. Ra6+ Ke7 37. Rf6 Rc2 38. f5 Rf2 39. fxg6 Rxf6 40.
exf6+ Kxf6 41. gxf7 Kxf7 42. Kh4 Kg6 43. h3 Kh6 44. g4 1-0

[Event "*** Titled Tuesday Blitz"]
[Site "Chess.com"]
[Date "2021.02.09"]
[Round "10"]
[White "LEGENYA1998"]
[Black "vladgoncharov"]
[Result "1-0"]
[WhiteElo "2288"]
[BlackElo "2485"]
[TimeControl "180+1"]
[EndTime "11:55:57 PST"]
[Termination "LEGENYA1998 won by resignation"]

1. d4 Nf6 2. Nf3 e6 3. Bg5 c5 4. c3 cxd4 5. cxd4 Be7 6. Bxf6 Bxf6 7. Nc3 d5 8. e3 O-O 9. Bd3 Nc6 10. a3 Qe7 11. O-O Rd8 12. Qc2 h6 13. b4 Bd7 14.
Rac1 Rac8 15. Qb3 Be8 16. h3 g5 17. Rfe1 Bg7 18. Na4 f5 19. Nc5 Bg6 20. b5 Na5 21. Qb4 b6 22. Na6 Qxb4 23. Nxb4 Bf8 24. Ne5 Be8 25.
g4 fxg4 26. hxg4 Bd6 27. Nbc6 Nxc6 28. Nxc6 Bxc6 29. Rxc6 Rxc6 30. bxc6 Rc8 31. Bb5 a6 32. Bxa6 Rxc6 33. Bb5 Rc2 34. a4 Kf7 35. Kg2 e5 36. dxe5 Bxe5 37. Kf3 Ke6 38. Rh1 Bg7 39. Rd1 Rc3 40. Rd3 Rc5 41. Be8 Be5 42. Bb5 Bc3 43. Be8 Ke5 44. Bb5 d4 45. exd4+ Bxd4 46. Rb3 Rc2 47.
Be2 Ra2 48. Rb5+ Kd6 49. Bc4 Ra3+ 50. Ke4 Bc5 51. Bb3 Bxf2 52. Kf5 Ra1 53. Kg6 Rh1 54. Bd5 Bc5 55. Bxh1 1-0

[Event "*** Titled Tuesday Blitz"]
[Site "Chess.com"]
[Date "2021.02.09"]
[Round "10"]
[White "Mikhail_Golubev"]
[Black "LogoCzar"]
[Result "1/2-1/2"]
[WhiteElo "2527"]
[BlackElo "2409"]
[TimeControl "180+1"]
[EndTime "11:56:00 PST"]
[Termination "Game drawn - insufficient material"]

1. e4 c6 2. d4 d5 3. Nc3 dxe4 4.
Nxe4 Nf6 5. Nxf6+ gxf6 6. c3 Qd5 7. Qb3 Nd7 8. Ne2 e6 9. Nf4 Qxb3 10. axb3 c5 11. d5 Nb6 12. dxe6 fxe6 13. Bb5+ Kf7 14.
O-O e5 15. Nh5 Be6 16. f4 e4 17. f5 Bxb3 18. Re1 a6 19. Be2 c4 20. Ng3 Bc5+ 21. Kh1 Bc2 22. Nxe4 Bxe4 23. Bh5+ Kg7 24. Rxe4 Rhd8 25. Rg4+ Kh8 26. Bh6 Rg8 27. Rxg8+ Kxg8 28. Rd1 Bf8 29. Bc1 Be7 30. Bf3 Rb8 31. Bf4 Rd8 32.
Rxd8+ Bxd8 33. Bxb7 Na4 34. Bd5+ Kg7 35. Bxc4 Nxb2 36.
Bxa6 Ba5 37. c4 Nd3 38. Bd6 Bb4 39. Bxb4 Nxb4 40. Bb7 Kh6 41. h4 Kh5 42. c5 Kxh4 43.
Bf3 Kg5 44. c6 Na6 45. g4 h5 46. gxh5 Kxf5 47. Kg2 Kg5 48. Kg3 Nc7 49. Be4 Kxh5 50. Kf4 Kh6 51. Kf5 Kg7 52. Bf3 Kf7 53. Bd1 Ke7 54. Ba4 Kd6 55. Bb3 Kxc6 56. Kxf6 1/2-1/2

[Event "*** Titled Tuesday Blitz"]
[Site "Chess.com"]
[Date "2021.02.09"]
[Round "10"]
[White "Fusikk"]
[Black "BigAl"]
[Result "1-0"]
[WhiteElo "2625"]
[BlackElo "2467"]
[TimeControl "180+1"]
[EndTime "11:56:01 PST"]
[Termination "Fusikk won by resignation"]

1. d4 Nf6 2. c4 g6 3. Nc3 Bg7 4.
e4 O-O 5. Nf3 d6 6. Be2 Bg4 7.
Be3 Nbd7 8. O-O e5 9. d5 a5 10. h3 Bxf3 11. Bxf3 Ne8 12. Be2 f5 13. Rc1 b6 14. a3 Nef6 15. exf5 gxf5 16. f4 e4 17. Nb5 a4 18. Nd4 Nc5 19. Nxf5 Qd7 20. Nxg7 Qxg7 21. Bd4 Nb3 22. Rc3 Nxd4 23. Qxd4 Rae8 24.
Re3 h5 25. Kh2 h4 26. Qd1 Kh7 27. Qe1 Qh6 28. Bg4 Nxg4+ 29. hxg4 Rxf4 30. Rxf4 Qxf4+ 31. Kh3 Kg6 32. Rf3 Qe5 33. Rf5 Qxb2 34. Qxh4 Rh8 35.
Rh5 Qc3+ 36. g3 Qc1 37. Kh2 Qd2+ 38. Kh3 Qc1 39. Kg2 Rf8 40. Rf5 Qc2+ 41. Kh3 Rxf5 42. gxf5+ Kxf5 43. Qh7+ Kf6 44. Qxc7 Ke5 45. Qg7+ Kf5 46.
Qf7+ Ke5 47. Qe6+ Kd4 48. Qxd6 Qd1 49. Qf6+ Kd3 50. d6 Qh5+ 51. Kg2 Qe2+ 52. Kg1 e3 53. d7 Qe1+ 54. Qf1+ Qxf1+ 55. Kxf1 1-0

[Event "*** Titled Tuesday Blitz"]
[Site "Chess.com"]
[Date "2021.02.09"]
[Round "10"]
[White "Kotofeyca"]
[Black "andriipalchuk"]
[Result "0-1"]
[WhiteElo "2440"]
[BlackElo "2568"]
[TimeControl "180+1"]
[EndTime "11:56:01 PST"]
[Termination "andriipalchuk won on time"]

1. d4 Nf6 2. c4 e6 3. Nf3 b6 4. g3 Ba6 5. Qa4 c5 6. Bg2 Bb7 7. dxc5 Bxc5 8. Nc3 O-O 9. O-O Qc8 10. Rd1 d5 11. cxd5 Nxd5 12. Nxd5 Bxd5 13. Bf4 Qb7 14. a3 Rc8 15. Rac1 Nd7 16. Nh4 Bxg2 17. Nxg2 b5 18. Qb3 Nf6 19. Be3 Be7 20. Nf4 a6 21. f3 Bf8 22.
Kg2 Rc6 23. Rxc6 Qxc6 24. Qd3 h6 25. Bf2 Rc8 26. Rd2 Be7 27. Qe3 Bf8 28. Qa7 g5 29. Nd3 Ra8 30. Qd4 Bg7 31. Qc5 Qb7 32. Rc2 g4 33.
Qc7 gxf3+ 34. exf3 Qxc7 35. Rxc7 Nd5 36. Rc6 a5 37. Rc5 Rb8 38. b3 Bf8 39. Rc6 Bxa3 40. Ra6 Bb4 41. Nxb4 axb4 42. Ra5 Kg7 43. f4 Kg6 44.
Kf3 Rc8 45. Bd4 Rc1 46. Rxb5 Rd1 47. Be5 Rd3+ 48. Kg4 h5+ 49. Kh4 Ne3 50. Rxb4 Rd2 51. Kh3 Ng4 0-1

[Event "*** Titled Tuesday Blitz"]
[Site "Chess.com"]
[Date "2021.02.09"]
[Round "10"]
[White "RobertoJBM"]
[Black "bocah_sakit"]
[Result "0-1"]
[WhiteElo "2723"]
[BlackElo "2850"]
[TimeControl "180+1"]
[EndTime "11:56:05 PST"]
[Termination "bocah_sakit won by resignation"]

1. d4 Nf6 2. Nf3 g6 3. e3 Bg7 4. Be2 O-O 5. O-O d6 6. c4 Nc6 7. d5 Nb8 8. Nc3 e5 9. dxe6 Bxe6 10. Nd4 Bd7 11. b3 Nc6 12. Bb2 Re8 13. Nxc6 Bxc6 14.
Bf3 Bxf3 15. Qxf3 Ne4 16. Nxe4 Bxb2 17. Rad1 Qe7 18. Ng3 c6 19. Rd3 Be5 20. Rfd1 Rad8 21. h3 h5 22. Ne2 h4 23. Nf4 Kg7 24. Qg4 Kh7 25. Qf3 a5 26. a4 Rd7 27. Kf1 Red8 28. Ne2 f5 29. Nd4 d5 30. Nxf5 gxf5 31. Qxf5+ Kh6 32.
cxd5 cxd5 33. f4 Rf8 34. Qg4 d4 35. Kg1 Bg7 36. exd4 Rd5 37. Kh1 Bf6 38. Qf3 Qd7 39.
Re3 Rxd4 40. Rde1 Qf5 41. Qxb7 Rxf4 42. Qa6 Rg8 43. Re6 Rg6 44. Qe2 Rf2 45. Qe3+ Qf4 46. Qxf4+ Rxf4 47. R6e4 Rxe4 48. Rxe4 Rg3 49. b4 axb4 50.
Rxb4 Ra3 51. Kg1 Kg5 52. Kf2 Be5 53. Rg4+ Kh5 54. Ke2 Bg3 55. Kd2 Ra2+ 56. Kc3 Rxg2 57. Kb3 Rh2 58. Rc4 Rxh3 59. Rc3 Rh1 0-1

[Event "*** Titled Tuesday Blitz"]
[Site "Chess.com"]
[Date "2021.02.09"]
[Round "10"]
[White "Manukyan_Artak"]
[Black "FMOlexandrProhorov"]
[Result "1-0"]
[WhiteElo "2356"]
[BlackElo "2149"]
[TimeControl "180+1"]
[EndTime "11:56:05 PST"]
[Termination "Manukyan_Artak won on time"]

1. e4 c5 2. Nf3 e6 3. c3 Nf6 4. e5 Nd5 5. d4 cxd4 6. cxd4 d6 7. Nc3 Nxc3 8. bxc3 Qc7 9. Bd2 b6 10. Bd3 Bb7 11. O-O Nd7 12. Re1 Be7 13. Bg5 Bxg5 14. Nxg5 h6 15. Qh5 O-O 16. exd6 Qxd6 17. Bh7+ Kh8 18. Nxf7+ Rxf7 19. Qxf7 Kxh7 20. Qxe6 Qxe6 21.
Rxe6 Nf6 22. c4 Rc8 23. Re7 Ba6 24. c5 bxc5 25. Rxa7 Bd3 26. dxc5 Rxc5 27. f3 Rc2 28. a4 Nd5 29. Rd7 Nf4 30. Kh1 Bf5 31. Rf7 Kg6 32. Rf8 Rxg2 33. Rg1 Rxg1+ 34. Kxg1 Ne2+ 35. Kf2 Nd4 36.
a5 Nc6 37. a6 Kg5 38. Rb8 h5 39. Rb6 Na7 40. Rb7 Nc6 41. a7 Nxa7 42. Rxa7 g6 43.
Ra4 Be6 44. h4+ Kf6 45. Kg3 Bf5 46. Ra6+ Kf7 47. Kf4 Kg7 48. Kg5 Kf7 49. Rf6+ Ke7 50. Rxf5 Ke6 51. Rf6+ 1-0

[Event "*** Titled Tuesday Blitz"]
[Site "Chess.com"]
[Date "2021.02.09"]
[Round "10"]
[White "dpopadic"]
[Black "Deepweb2020"]
[Result "0-1"]
[WhiteElo "2327"]
[BlackElo "2462"]
[TimeControl "180+1"]
[EndTime "11:56:06 PST"]
[Termination "Deepweb2020 won on time"]

1. e4 e5 2. Nf3 Nc6 3. Bb5 a6 4. Ba4 b5 5. Bb3 Nf6 6. O-O Bc5 7. a4 Rb8 8. c3 d6 9. d4 Bb6 10.
a5 Ba7 11. h3 O-O 12. Re1 h6 13. Be3 Ra8 14. Nbd2 Re8 15. Qc2 Bb7 16. Red1 exd4 17. cxd4 Nb4 18. Bxf7+ Kxf7 19. Qb3+ Nbd5 20. exd5 Bxd5 21.
Qc2 Rc8 22. b4 Ne4 23. Rac1 Kg8 24. Nxe4 Bxe4 25. Qb3+ Kh8 26. Nd2 Bf5 27. Qd5 Qf6 28.
Qb7 Bb8 29. Qxa6 Qg6 30. Kh1 Qh5 31. Qxb5 c5 32. Qf1 cxb4 33. a6 d5 34. Nb3 Qg6 35. Nc5 Qd6 36. g3 Ba7 37. Kh2 Qg6 38. Qg2 Rb8 39.
Rd2 b3 40. Rb2 Bc2 41. Qxd5 Rbd8 42. Qc4 Bb8 43. Qc3 Qf7 44. Nxb3 Qf3 0-1

[Event "*** Titled Tuesday Blitz"]
[Site "Chess.com"]
[Date "2021.02.09"]
[Round "10"]
[White "NoGalloNoParty"]
[Black "MaevskiyNikolay"]
[Result "0-1"]
[WhiteElo "2352"]
[BlackElo "2518"]
[TimeControl "180+1"]
[EndTime "11:56:07 PST"]
[Termination "MaevskiyNikolay won on time"]

1. d4 f5 2. g3 Nf6 3. c4 e6 4.
Bg2 Be7 5. Nc3 O-O 6. Nf3 Ne4 7.
Qc2 d5 8. O-O Bf6 9. Bf4 c6 10.
b4 Bd7 11. Be5 Be7 12. c5 Be8 13. a4 a6 14. Rfb1 Nd7 15. e3 Bh5 16. b5 axb5 17. axb5 Rxa1 18. Rxa1 Nxc3 19. Qxc3 Bxf3 20. Bxf3 Nxe5 21.
dxe5 cxb5 22. c6 b4 23. Qc1 Qb6 24. cxb7 Qxb7 25. Be2 b3 26. Rb1 Rb8 27. Qb2 Qb6 28. Bd1 Bc5 29. Kg2 d4 30. exd4 Bxd4 31. Qe2 b2 32. Qc4 Rd8 33. Bb3 Re8 34. Rd1 Qb7+ 35. Kh3 Bxf2 36. Rd2 b1=Q 37. Rxf2 Q1xb3 38. Qh4 Q7b4 39.
Rf4 Qe7 40. Qh5 g6 41. Qh6 Qb1 42. Rf2 Qc2 43. Rg2 Qe4 44. Rf2 Qg4+ 45. Kg2 Qb7+ 46.
Kg1 Qd1+ 47. Rf1 Qd4+ 48. Rf2 Qbb6 49. Qg7+ Kxg7 0-1

[Event "*** Titled Tuesday Blitz"]
[Site "Chess.com"]
[Date "2021.02.09"]
[Round "10"]
[White "markowskitomasz"]
[Black "jens1102"]
[Result "0-1"]
[WhiteElo "2585"]
[BlackElo "2470"]
[TimeControl "180+1"]
[EndTime "11:56:09 PST"]
[Termination "jens1102 won on time"]

1. d4 Nf6 2. Nf3 d5 3. c4 e6 4. g3 dxc4 5. Bg2 Nc6 6. Qa4 Nd7 7.
Qxc4 Nb6 8. Qd3 e5 9. Nxe5 Nb4 10. Qc3 Qxd4 11. O-O Qxc3 12. Nxc3 Bd6 13. Nf3 c6 14. a3 N4d5 15. Bd2 O-O 16. Rac1 Nf6 17. Bg5 Ng4 18. Nd4 h6 19. Bf4 Bxf4 20. gxf4 Nf6 21. b4 Rd8 22. e3 Bg4 23. h3 Bd7 24. Kh2 Rac8 25. Ne4 Be8 26. Nxf6+ gxf6 27. Be4 Kf8 28. Nf5 h5 29. Rfd1 Bd7 30. Nd6 Rb8 31. Bf3 h4 32.
Rd4 f5 33. Rcd1 Ke7 34. Nc4 Nxc4 35. Rxc4 Be6 36. Rcd4 Rxd4 37. Rxd4 Rd8 38. Rxd8 Kxd8 39. Kg2 Kc7 40. Kf1 Kb6 41. Be2 a5 42. Ke1 c5 43.
bxc5+ Kxc5 44. Kd2 Bc4 45. Bf3 b5 46. Bg2 Bd5 47.
Bf1 b4 48. axb4+ Kxb4 49. Kc2 a4 50. Kb2 a3+ 51. Ka1 Kc3 52. Be2 Kd2 53. Bb5 Ke1 54.
Bd7 Be6 55. Bc6 Kxf2 56. e4 fxe4 57. Bxe4 Ke3 0-1

[Event "*** Titled Tuesday Blitz"]
[Site "Chess.com"]
[Date "2021.02.09"]
[Round "10"]
[White "kirillshevchenko"]
[Black "ChessWarrior7197"]
[Result "1-0"]
[WhiteElo "2829"]
[BlackElo "2941"]
[TimeControl "180+1"]
[EndTime "11:56:10 PST"]
[Termination "kirillshevchenko won by resignation"]

1. e4 e5 2. d3 Nc6 3. Nc3 g6 4. f4 d6 5. Nf3 Bg7 6. g3 Nge7 7.
Bg2 O-O 8. O-O h6 9. h3 Be6 10. Kh2 Kh7 11. f5 gxf5 12. Nh4 fxe4 13. dxe4 Nd4 14. Qh5 f5 15. exf5 Bf7 16. Qg4 Ng8 17.
Ng6 Re8 18. Ne4 Nf6 19. Nxf6+ Qxf6 20. c3 Nxf5 21. Nh4 Be6 22. Nxf5 d5 23. Qxg7+ Qxg7 24. Nxg7 Kxg7 25. Be3 Rad8 26. Rae1 b6 27. b4 d4 28. cxd4 exd4 29. Bf4 c5 30. Be5+ Kg8 31. Bc6 Bc4 32. Bxe8 Bxf1 33. Bf6 Rb8 34. Bg6 Bc4 35. Re7 d3 36. Rg7+ Kf8 37. Rh7 cxb4 38. Rh8+ Bg8 39. Bxd3 Kf7 40. Bb2 Rc8 41. Rxh6 Ke7 42. Rh4 a5 43. Re4+ Kd6 44. a3 bxa3 45. Bxa3+ Kd5 46. Bb2 b5 47. Re5+ Kd6 48. Bxb5 a4 49. Bxa4 Rb8 50. Re2 Bc4 51. Rd2+ Ke6 52. Bd1 Bd5 53.
Bd4 Rb1 54. g4 Be4 55. Kg3 Rb2 56. Rxb2 1-0

[Event "*** Titled Tuesday Blitz"]
[Site "Chess.com"]
[Date "2021.02.09"]
[Round "10"]
[White "nrvisakh"]
[Black "FairChess_on_YouTube"]
[Result "1/2-1/2"]
[WhiteElo "2767"]
[BlackElo "2930"]
[TimeControl "180+1"]
[EndTime "11:56:10 PST"]
[Termination "Game drawn by repetition"]

1. c4 g6 2. g3 Bg7 3. Bg2 e5 4.
Nc3 Ne7 5. Nf3 c5 6. O-O Nbc6 7.
Ne1 O-O 8. Nc2 d6 9. d3 Be6 10.
Ne3 Qd7 11. Re1 Rab8 12. Rb1 a6 13. Ned5 b5 14. b3 b4 15. Nxe7+ Nxe7 16. Ne4 h6 17. Bxh6 f5 18. Bxg7 Kxg7 19. Ng5 f4 20. e3 fxe3 21.
fxe3 Bg4 22. Qd2 Rf5 23. h4 Rbf8 24. Rf1 d5 25. cxd5 Nxd5 26. Rxf5 gxf5 27. Bxd5 Qxd5 28. Rf1 Rd8 29. Qf2 Kg6 30. d4 exd4 31. e4 Qe5 32. Kh2 Rf8 33. Qg2 Kh5 34. Nh3 Bxh3 35. Kxh3 Kg6 36.
Qf3 Rf6 37. h5+ Kg5 38. exf5 Qxf5+ 39. Qxf5+ Rxf5 40. Rxf5+ Kxf5 41. Kg2 a5 42. Kf3 c4 43. g4+ Kg5 44. Ke2 c3 45. Kd3 Kh6 46. Kc2 Kg5 47. Kd3 Kh6 48. Kc2 Kg7 49. g5 Kh7 50. h6 Kg6 51. Kd3 Kh7 52. Kc2 Kg6 53. Kd3 Kh7 54.
Kc2 1/2-1/2

[Event "*** Titled Tuesday Blitz"]
[Site "Chess.com"]
[Date "2021.02.09"]
[Round "10"]
[White "KaterinaMiroshnik"]
[Black "Sergey85Rodchenkov"]
[Result "1-0"]
[WhiteElo "2623"]
[BlackElo "2494"]
[TimeControl "180+1"]
[EndTime "11:56:10 PST"]
[Termination "KaterinaMiroshnik won on time"]

1. d4 Nf6 2. c4 e6 3. Nf3 b6 4. e3 Bb7 5. Be2 d5 6. O-O Bd6 7. Nc3 O-O 8. b3 c5 9. Bb2 Nbd7 10. cxd5 exd5 11. Rc1 Rc8 12. dxc5 bxc5 13. Na4 Qe7 14.
Nd2 Rfe8 15. Bf3 Ne5 16. Be2 h5 17. h3 h4 18. Nf3 Nxf3+ 19. Bxf3 Ne4 20. Qc2 Bb8 21.
Bxe4 dxe4 22. Qc3 f6 23. Rfd1 Qc7 24. Qc4+ Kh8 25. f4 exf3 26. Qxh4+ Kg8 27. Qc4+ Qf7 28. Qxf7+ Kxf7 29. Rd7+ Re7 30. Rxe7+ Kxe7 31. Nxc5 Bd5 32. Ba3 Bd6 33. e4 Bf7 34. gxf3 g5 35. Nd3 Rxc1+ 36.
Bxc1 Be6 37. Be3 a5 38. Kg2 Bc7 39. Nc5 Bc8 40. Na4 Be5 41. Bb6 Kd6 42. Bxa5 Kc6 43. Bd8 Be6 44. Ba5 Kb5 45. Bd2 Bd4 46. Nc3+ Kc5 47. Ne2 Be5 48. f4 gxf4 49. Bxf4 Bb2 50. h4 f5 51. e5 Kd5 52. h5 Bxe5 53. a4 Bf6 54. h6 Bg8 55. Ng3 Ke6 56. Nh5 Bd4 57.
b4 Kd5 58. b5 Kc5 59. Bd2 Kb6 60. Ng3 1-0

[Event "*** Titled Tuesday Blitz"]
[Site "Chess.com"]
[Date "2021.02.09"]
[Round "10"]
[White "Nils_03"]
[Black "SkippingLaptop"]
[Result "0-1"]
[WhiteElo "2327"]
[BlackElo "2108"]
[TimeControl "180+1"]
[EndTime "11:56:12 PST"]
[Termination "SkippingLaptop won by resignation"]

1. e4 c5 2. f4 Nc6 3. Nf3 g6 4. Bc4 Bg7 5. O-O e6 6. f5 d5 7. exd5 exd5 8. fxg6 hxg6 9. Bb5 Ne7 10. d3 Bg4 11. h3 Bd7 12. Ng5 Ne5 13. Bxd7+ Qxd7 14. Bf4 N7c6 15. Nc3 O-O-O 16. Qe1 f6 17. Nf3 g5 18. Bxe5 Nxe5 19. Nxe5 fxe5 20. Qg3 e4 21.
dxe4 Bd4+ 22. Kh1 g4 23. Rf5 dxe4 24. Qxg4 e3 25. Nd5 Rdg8 26. Qf3 Kb8 27. Rf7 Qd6 28. Nf4 Qc6 29. Qxc6 bxc6 30. c3 Be5 31. Nd3 Bc7 32. Re1 Rg3 33. Nxc5 Re8 34. Na6+ Kb7 35. Nxc7 Re4 36.
Nd5+ Ka6 37. Nf6 Re6 38. Ng4 e2 39. Rf3 Rxf3 40. gxf3 Kb5 41. Kg2 Kc4 42. Kf2 Kd3 43. Nh2 Kd2 44. f4 Re3 45. Nf3+ Rxf3+ 46. Kxf3 Kxe1 47.
f5 Kd1 48. f6 e1=Q 49. f7 Qf1+ 50. Ke3 Qxf7 51. h4 Qxa2 52. h5 Qxb2 53. h6 Qxc3+ 54.
Kf4 Qh8 55. Kg5 c5 0-1

[Event "*** Titled Tuesday Blitz"]
[Site "Chess.com"]
[Date "2021.02.09"]
[Round "10"]
[White "sorrm8thatscheckm8"]
[Black "MatthewG-p4p"]
[Result "0-1"]
[WhiteElo "2607"]
[BlackElo "2835"]
[TimeControl "180+1"]
[EndTime "11:56:13 PST"]
[Termination "MatthewG-p4p won by resignation"]

1. d4 Nf6 2. c4 c5 3. d5 e6 4. Nf3 exd5 5. cxd5 d6 6. e4 g6 7. Bd3 Bg7 8. h3 O-O 9. O-O b5 10. Re1 a6 11. a4 c4 12. Bf1 Bb7 13. axb5 axb5 14.
Rxa8 Bxa8 15. Nc3 Qa5 16. Bd2 Re8 17. e5 dxe5 18. Nxe5 Qa6 19. Bf4 Rd8 20. Qa1 Nxd5 21. Nxd5 Bxd5 22. Qxa6 Nxa6 23. b3 Re8 24. bxc4 bxc4 25.
Rd1 Bxe5 26. Rxd5 Bxf4 27. Bxc4 Re1+ 28. Bf1 Bh2+ 29. Kxh2 Rxf1 30. Kg3 Nc7 31. Rd8+ Kg7 32. Rd7 Ne6 33. Ra7 h5 34. h4 Nd4 35. Ra4 Nf5+ 36.
Kf3 Rd1 37. g3 Rd3+ 38. Ke2 Rd4 39. Ra7 Rb4 40. Ra2 Nd6 41. Kf3 Nc4 42. Rc2 Kf6 43.
Kg2 Ke5 44. Rc1 Nd6 45. Re1+ Re4 46. Ra1 Re2 47. Ra5+ Ke6 48. Ra6 Rd2 49. Kf3 Kf6 50.
Kg2 Kg7 51. Ra4 f5 52. Ra7+ Kh6 53. Kg1 Ne4 0-1

[Event "*** Titled Tuesday Blitz"]
[Site "Chess.com"]
[Date "2021.02.09"]
[Round "10"]
[White "alexrustemov"]
[Black "Heineccius"]
[Result "1-0"]
[WhiteElo "2747"]
[BlackElo "2564"]
[TimeControl "180+1"]
[EndTime "11:56:13 PST"]
[Termination "alexrustemov won by resignation"]

1. d4 Nf6 2. c4 e6 3. Nf3 Bb4+ 4. Bd2 a5 5. g3 b6 6. Bg2 Bb7 7. O-O O-O 8. Bf4 Be7 9. Nc3 Ne4 10. Nb5 Na6 11. Nd2 Nxd2 12. Qxd2 Bxg2 13. Kxg2 d5 14. b3 c6 15. Nc3 dxc4 16. bxc4 b5 17. c5 e5 18. Bxe5 Nxc5 19. Rfd1 Ne6 20. d5 cxd5 21.
Nxb5 d4 22. Nxd4 Qd5+ 23. Nf3 Qe4 24. Qd3 Qa4 25. Qd7 Qa3 26. Rd3 Qb4 27. a3 Qc5 28. Rd5 Qa7 29. Qxa7 Rxa7 30. a4 Bb4 31. Rad1 Re8 32. Nd4 Nxd4 33. Bxd4 Rae7 34. e3 Re4 35. Rc1 h6 36. h4 R4e7 37. h5 Rb7 38. Rc6 Be1 39.
Rb5 Rd7 40. Kf3 Bb4 41. g4 Rdd8 42. Rb7 Rc8 43. Rxc8 Rxc8 44. Ra7 Rc2 45. Ra8+ Kh7 46. Ra7 Kg8 47. Bb6 Ra2 48. Bxa5 Rxa4 49. Bb6 Rxa7 50.
Bxa7 Kf8 51. Ke4 Ke7 52. Kd5 Be1 53. f3 Kf6 54. Bd4+ Kg5 55. Bxg7 Bf2 56. Bd4 f5 57. gxf5 Kxh5 58. Ke6 Bg1 59. f6 1-0

[Event "*** Titled Tuesday Blitz"]
[Site "Chess.com"]
[Date "2021.02.09"]
[Round "10"]
[White "ybruned"]
[Black "federicosellitti"]
[Result "0-1"]
[WhiteElo "2298"]
[BlackElo "2461"]
[TimeControl "180+1"]
[EndTime "11:56:14 PST"]
[Termination "federicosellitti won on time"]

1. b3 Nc6 2. Bb2 e5 3. e3 d5 4.
Bb5 Bd6 5. Nf3 Qe7 6. d4 e4 7. Nfd2 Qg5 8. g3 h5 9. h4 Qg6 10. Qe2 Bg4 11. Qf1 Nh6 12. Nc3 a6 13. Be2 Ne7 14.
O-O-O O-O 15. Bxg4 Nxg4 16. Ne2 b5 17. Nf4 Bxf4 18.
gxf4 Nf5 19. Qe2 a5 20. Nf1 a4 21. Nh2 axb3 22. axb3 Nxh2 23. Rxh2 Ra2 24. Rhh1 Rfa8 25. Rdg1 Ra1+ 26. Bxa1 Rxa1+ 27. Kb2 Rxg1 28. Rxg1 Qxg1 29. Qxh5 g6 30. Qe2 c6 31. h5 Qh1 32. hxg6 fxg6 33. Qg4 Kg7 34. Qg5 Qh4 35. Qg1 b4 36. c3 bxc3+ 37. Kxc3 Qd8 38. Qa1 Qb6 39. Qa8 Qc7 40. Qe8 c5 41. dxc5 Qxc5+ 42. Kd2 d4 43. Qxe4 Qc3+ 44.
Ke2 dxe3 45. Qb7+ Kh6 46. Qh1+ Kg7 47. Qb7+ Kf6 48. Qb6+ Kf7 49. Qb7+ Ke6 50. Qb6+ Kd7 51. Qb7+ Qc7 52. Qxc7+ Kxc7 53. fxe3 Kd6 54. e4 Nd4+ 55. Ke3 Nxb3 56. Kf3 Ke7 57. e5 Nd4+ 58. Kg4 Kf7 59. Kg5 Nf5 0-1